 Dungeon Crawl Stone Soup version 0.29-a0-1009-g60c99734e7 (webtiles) character file.

Game seed: 1339244405757816245

170 leavemydog the Conjurer (level 5, 0/28 HPs)
             Began as a Deep Elf Conjurer on Aug 8, 2022.
             Shot with an arrow by a centaur (8 damage)
             ... on level 5 of the Dungeon.
             The game lasted 00:05:00 (4366 turns).

leavemydog the Conjurer (Deep Elf Conjurer)         Turns: 4366, Time: 00:05:00

Health: 0/28       AC:  2    Str:  4    XL:     5   Next: 26%
Magic:  13/13      EV: 12    Int: 25    God:
Gold:   273        SH:  0    Dex: 13    Spells: 5/12 levels left

rFire   . . .      SeeInvis .   r - +0 dagger
rCold   . . .      Faith    .   (no shield)
rNeg    . . .      Spirit   .   a - +0 robe
rPois   .          Reflect  .   (no helmet)
rElec   .          Harm     .   (no cloak)
rCorr   .          Rampage  .   (no gloves)
Will    .....                   (no boots)
Stlth   ++........              (no amulet)
HPRegen 0.09/turn               p - ring of wizardry
MPRegen 0.13/turn               (no ring)

@: no status effects
A: no striking features
a: no special abilities


You were on level 5 of the Dungeon.
You visited 1 branch of the dungeon, and saw 5 of its levels.

You collected 301 gold pieces.
You spent 28 gold pieces at shops.

Inventory:

Hand Weapons
 r - a +0 dagger (weapon)
Missiles
 g - 3 javelins
Armour
 a - a +0 robe (worn)
Jewellery
 p - a ring of wizardry (left hand)
Scrolls
 c - 4 scrolls of teleportation
 d - a scroll of magic mapping {unknown}
 f - a scroll of immolation {unknown}
 i - a scroll of summoning {unknown}
 j - a scroll of fear {unknown}
 l - 3 scrolls of butterflies
 o - a scroll of amnesia {unknown}
 q - a scroll of poison {unknown}
Potions
 b - 3 potions of magic
 e - a potion of resistance
 h - a potion of haste
 k - a potion of attraction {unknown}
 n - a potion of mutation {unknown}


   Skills:
 - Level 2.4 Dodging
 - Level 2.4 Stealth
 + Level 4.2 Spellcasting
 + Level 6.6 Conjurations
 * Level 1.0 Translocations


You had 5 spell levels left.
You knew the following spells:

 Your Spells              Type           Power      Damage    Failure   Level
a - Magic Dart            Conj           100%       1d8       1%          1
b - Searing Ray           Conj           76%        2d7       1%          2
c - Iskenderun's Mystic   Conj/Tloc      24%        2d7       8%          4

Your spell library contained the following spells:

 Spells                   Type           Power      Damage    Failure   Level
 Dazzling Flash           Conj/Hex       42%        N/A       2%          3
 Fulminant Prism          Conj/Hex       10%        3d9       9%          4


Dungeon Overview and Level Annotations

Branches:
Dungeon (5/15)
 Temple: D:4-7

Altars:
Okawaru

Shops:
D:1 =   D:2 !   D:3 :*?=


Message History

Where to? (Enter - D:4, ? - help)
There is a stone staircase leading down here.
You climb downwards.
Found a stone staircase leading down.
There is a stone staircase leading up here.
There is a stone staircase leading down here.
A dart slug comes into view.
The magic dart hits the dart slug.
The dart slug is heavily wounded.
The magic dart hits the dart slug.
You kill the dart slug!
Your Translocations skill increases to level 1!
You can't see any susceptible monsters within range! (Use Z to cast anyway.) Magic restored.
You now have 273 gold pieces (gained 9).
A white imp comes into view.
A white imp is nearby!
The magic dart hits the white imp!
The white imp is severely wounded.
The white imp shouts, "Run away, thou skyhacking shard-borne fleecer!"
The magic dart hits the white imp.
The white imp is almost dead.
The white imp gestures at you. The puff of frost hits you!
The magic dart hits the white imp!
You kill the white imp!
You can't see any susceptible monsters within range! (Use Z to cast anyway.) HP restored.
A centaur comes into view.
The centaur shouts!
A centaur is nearby!
The centaur wields a +0 shortbow.
The centaur shoots an arrow.
The arrow closely misses you.
The centaur shoots an arrow.
The arrow misses you.
The centaur shoots an arrow.
The arrow hits you!
The centaur shoots an arrow.
The arrow barely misses you.
The centaur shoots an arrow.
The arrow hits you!
* * * LOW HITPOINT WARNING * * *
The centaur shoots an arrow.
The arrow hits you!
You die...

...##..# ......# #....##
#.....### #.
#.......##..#
##..c.!......#
##..##....#
########...##....##..
###.<...@...............
#...............##....♣♣
#...............# ....♣
#.##............# .....~
#>#..##..###...## ##.~~
#.#.####.# ##..# #♣♣
#.#.# #.# ##.# #...# #.#
#..# #..## #.# #..#


You could see a centaur.

Vanquished Creatures
  A jelly (D:4)
  An iguana (D:4)
  A gnoll (D:3)
  3 adders (D:4)
  A white imp (D:5)
  An ufetubus (D:4)
  2 worms (D:2)
  2 dart slugs
  2 orcs
  4 ball pythons
  A bat (D:1)
  6 endoplasms
  A giant cockroach (D:1)
  7 goblins
  6 hobgoblins
  7 kobolds
  A quokka (D:1)
  2 frilled lizards (D:1)
  8 rats
57 creatures vanquished.

Notes
Turn   | Place    | Note
-------+----------+-------------------------------------------
     0 | D:1      | leavemydog the Deep Elf Conjurer began the quest for the
                  | Orb.
     0 | D:1      | Reached XP level 1. HP: 10/10 MP: 6/6
   306 | D:1      | Reached XP level 2. HP: 15/15 MP: 6/8
   309 | D:1      | Learned a level 2 spell: Searing Ray
   432 | D:1      | Reached skill level 5 in Conjurations
   582 | D:1      | Found a faded altar of an unknown god.
   634 | D:1      | Found Siptauci's Jewellery Boutique.
  1139 | D:2      | Found the +3 woodcutter's axe {vorpal}
  1284 | D:2      | Reached XP level 3. HP: 19/19 MP: 1/9
  1526 | D:2      | Found Yngud's Distillery.
  1993 | D:3      | Found Nawni's Jewellery Shoppe.
  2468 | D:3      | Found an iron altar of Okawaru.
  2513 | D:3      | Found Genigh's Magic Scroll Boutique.
  2519 | D:3      | Bought a scroll of identify for 28 gold pieces
  2621 | D:3      | Found Desuwuh's Book Shop.
  2641 | D:3      | Found Fipimuvi's General Store.
  2862 | D:4      | Reached skill level 6 in Conjurations
  2862 | D:4      | Reached XP level 4. HP: 10/24 MP: 2/11
  3032 | D:4      | Learned a level 4 spell: Iskenderun's Mystic Blast
  3217 | D:4      | Reached XP level 5. HP: 28/28 MP: 10/13
  4163 | D:5      | Entered Level 5 of the Dungeon
  4177 | D:5      | Reached skill level 1 in Translocations
  4358 | D:5      | Noticed a centaur
  4366 | D:5      | Shot with an arrow by a centaur

Illustrated notes

Levels and vault maps discovered:
D:1:      elethiomel_arrival_quiet, layout_basic, serial_forest,
          infiniplex_forest_lined_3, infiniplex_forest_zigzag_1,
          infiniplex_forest_lined_ring, infiniplex_forest_clump_small,
          shapermc_ecumenical_altar_gd, serial_shops, shop
D:2:      layout_loops_ring, serial_shops, nicolae_shop_crystal,
          nicolae_concentric_dashed_squares_mild, minmay_misc_feat_cross,
          chequers_serial_rivers_large_b, kennysheep_flooded_box
D:3:      layout_basic, okawaru_altar_gauntlet_db, serial_shops,
          nicolae_shop_temple_entry_statues_fountains, nicolae_shop_crystal,
          shop_fountains, shop, chequers_avenue
D:4:      layout_basic
D:5:      layout_layer_cave, kiku_gazebo_pond_becter, serial_bayou_crossing,
          uniq_sigmund, uniq_eustachio, uniq_menkaure

Skill      XL: |  1  2  3  4  5 |
---------------+----------------+-----
Conjurations   | 5 6 |  6.6
Spellcasting   | 4 |  4.2
Translocations | 1 |  1.0
Dodging        | |  2.4
Stealth        | |  2.4

Action                   |  1- 3 |  4- 6 || total
-------------------------+-------+-------++-------
Melee: Hand axe          |     3 |       ||     3
 Cast: Magic Dart        |    73 |    37 ||   110
       Searing Ray       |     1 |     2 ||     3
  Use: Scroll            |     4 |       ||     4
Armor: Robe              |     2 |       ||     2
Dodge: Dodged            |    10 |     3 ||    13

Table legend: (Time is in decaauts)
 A = Elapsed time spent in this place.
 B = Non-inter-level travel time spent in this place.
 C = Inter-level travel time spent in this place.
 D = Time resting spent in this place.
 E = Time spent auto-exploring this place.
 F = Levels seen in this place.
 G = Mean time per level.
                   A        B        C        D        E       F      G
               +--------+--------+--------+--------+--------+-----+--------+
         Total |   4392 |   4250 |    142 |    602 |   3383 |   5 |  878.4 |
       Dungeon |   4392 |   4250 |    142 |    602 |   3383 |   5 |  878.4 |
               +--------+--------+--------+--------+--------+-----+--------+

Top non-repeatable levels by time:
     D:4: 1308 daAuts
     D:2: 1015 daAuts
     D:1: 960 daAuts
     D:3: 905 daAuts
     D:5: 202 daAuts
